 Dungeon Crawl Stone Soup version 0.25-a0-164-gb55e97dba5 (webtiles) character file.

Game seed: 1275458506953479352, levelgen mode: deterministic

7 Leeroy the Conjurer (level 1, -1/14 HPs)
             Began as a Draconian Conjurer on Nov 22, 2019.
             Slain by a leopard gecko (2 damage)
             ... on level 1 of the Dungeon.
             The game lasted 00:00:47 (326 turns).

Leeroy the Conjurer (Draconian Conjurer)             Turns: 326, Time: 00:00:48

Health: -1/14      AC:  4    Str: 10    XL:     1   Next: 91%
Magic:  0/3        EV: 12    Int: 15    God:
Gold:   66         SH:  0    Dex: 11    Spells: 3/4 levels left

rFire    . . .     SeeInvis .   (no weapon)
rCold    . . .     Gourm    .   (no shield)
rNeg     . . .     Faith    .   (armour unavailable)
rPois    .         Spirit   .   (helmet restricted)
rElec    .         Reflect  .   (no cloak)
rCorr    .         Harm     .   (no gloves)
MR       .....                  (no boots)
Stlth    ++........             (no amulet)
HPRegen  0.04/turn              (no ring)
MPRegen  0.08/turn              (no ring)

@: very slightly contaminated
A: unfitting armour, cold-blooded, AC +4
a: no special abilities


You were on level 1 of the Dungeon.
You were not hungry.

You visited 1 branch of the dungeon, and saw 1 of its levels.

You collected 66 gold pieces.

Inventory:

Scrolls
 a - 3 scrolls of identify {unknown}
 d - a scroll of remove curse {unknown}
Potions
 c - 2 potions of heal wounds {unknown}
 e - 2 potions of curing {unknown}
Comestibles
 b - a ration


   Skills:
 - Level 1.7 Dodging
 - Level 1.7 Stealth
 - Level 2.0 Spellcasting
 + Level 4.4 Conjurations


You had 3 spell levels left.
You knew the following spells:

 Your Spells              Type           Power        Failure   Level  Hunger
a - Magic Dart            Conj           ##..         3%          1    #......

Your spell library contained the following spells:

 Spells                   Type           Power        Failure   Level  Hunger
 Searing Ray              Conj           ##....       5%          2    ###....
 Dazzling Spray           Conj/Hex       #.....       26%         3    ###....
 Iskenderun's Mystic Bla  Conj           ##......     34%         4    #####..
 Force Lance              Conj/Tloc      #.......     65%         4    #####..
 Fulminant Prism          Conj/Hex       #.........   65%         4    #####..


Dungeon Overview and Level Annotations

Branches:
Dungeon (1/15)

Altars:


Innate Abilities, Weirdness & Mutations

Your plain brown scales are hard. (AC +4)
You cannot fit into any form of body armour.
You are cold-blooded and may be slowed by cold attacks.


Message History

Press: ? - help, Shift-Dir - straight line, f/p - leopard gecko
Aim: a leopard gecko (moderately wounded)
You miscast Magic Dart.
You are very lightly contaminated with residual magic.
Nothing appears to happen.
The leopard gecko bites you.
* * * LOW HITPOINT WARNING * * *
Casting: Magic Dart (safe; 3% risk of failure)
Confirm with . or Enter, or press ? or * to list all spells.
Aiming: Magic Dart (safe; 3% risk of failure)
Press: ? - help, Shift-Dir - straight line, f/p - leopard gecko
Aim: a leopard gecko (moderately wounded)
The magic dart hits the leopard gecko.
The leopard gecko is severely wounded.
The leopard gecko closely misses you.
You miss the leopard gecko.
The leopard gecko is severely wounded.
The leopard gecko bites you.
* * * LOW HITPOINT WARNING * * *
The leopard gecko bites you.
You die...

#...#...........#.
#..........######.
#........... .
##############.......#
#.....................
##.###################
#.# ..... #.#
#.######..# #.#
#...l@...%#
#.##########.######.
#...................
###########....#####
#....# #....# #....#
.....# ......#


You could see a leopard gecko.

Vanquished Creatures
  A dart slug (D:1)
  2 hobgoblins (D:1)
  A frilled lizard (D:1)
  A goblin (D:1)
  A rat (D:1)
6 creatures vanquished.

Notes
Turn   | Place    | Note
-------+----------+-------------------------------------------
     0 | D:1      | Leeroy the Draconian Conjurer began the quest for the Orb.
     0 | D:1      | Reached XP level 1. HP: 14/14 MP: 3/3
   326 | D:1      | Slain by a leopard gecko

Levels and vault maps discovered:
D:1:      minmay_arrival_glassed_features, layout_basic

Action                   || total
-------------------------++-------
Melee: Unarmed           ||    31
       Tailslap          ||     2
 Cast: Magic Dart        ||     7
Armor: Skin              ||     6
Dodge: Dodged            ||    20

Table legend:
 A = Non-vault XP
 B = Vault XP
 C = Vault XP percentage of total XP
 D = Non-vault monster count
 E = Vault monster count
 F = Vault count percentage of total count
                 A         B        C        D         E       F
            +---------+---------+-------+---------+---------+-------
      Total |      11 |       0 |   0.0 |       6 |       0 |   0.0
            +---------+---------+-------+---------+---------+-------
        D:1 |      11 |       0 |   0.0 |       6 |       0 |   0.0
            +---------+---------+-------+---------+---------+-------
